 Dungeon Crawl Stone Soup version 0.23.1 (webtiles) character file.

Game seed: 5111711410141340205

2811 Borgoz the Ducker (level 9, -1/75 HPs)
             Began as a Ghoul Monk on Mar 18, 2019.
             Was a Believer of Ashenzari.
             Slain by a jelly (2 damage)
             ... on level 8 of the Dungeon.
             The game lasted 00:14:47 (6432 turns).

Borgoz the Ducker (Ghoul Monk)                      Turns: 6432, Time: 00:14:47

Health: -1/75      AC: -1    Str: 20    XL:     9   Next: 72%
Magic:  0/8        EV: 15    Int:  7    God:    Ashenzari [**....]
Gold:   342        SH:  0    Dex: 12    Spells: 8/8 levels left

rFire    + . .     SeeInvis .   a - +2 short sword (venom)
rCold    . . .     Gourm    .   (no shield)
rNeg     + + +     Faith    .   L - +0 leather armour {MR+}
rPois    ∞         Spirit   +   (no helmet)
rElec    .         Reflect  .   i - scarf {Spirit}
rCorr    .         Harm     .   K - +0 pair of gloves
MR       +....                  F - +0 pair of boots
Stlth    ++++......             j - amulet of guardian spirit
HPRegen  0.00/turn              o - ring of fire
MPRegen  0.11/turn              w - ring of stealth

@: mighty, about to teleport, corroded, very slightly contaminated, rotting,
invisible
A: rotting body, claws 1, carnivore, cold resistance 1, negative energy
resistance 3, inhibited regeneration, torment resistance, unbreathing
a: Curse Item, Scrying, Renounce Religion


You were on level 8 of the Dungeon.
You worshipped Ashenzari.
Ashenzari was pleased with you.
You were not hungry.

You visited 2 branches of the dungeon, and saw 9 of its levels.

You collected 342 gold pieces.

Inventory:

Hand Weapons
 a - a +2 short sword of venom (weapon)
 b - a +0 rapier
 G - a +4 quarterstaff of chaos
Missiles
 r - a throwing net (quivered)
Armour
 i - a scarf of spirit shield (worn)
 F - a +0 pair of boots (worn)
 K - a +0 pair of gloves (worn)
 L - a +0 leather armour of magic resistance (worn)
Jewellery
 j - an amulet of guardian spirit (around neck)
 o - a ring of fire (left hand)
 w - a ring of stealth (right hand)
Wands
 d - a wand of digging (7)
 C - a wand of clouds (7)
 E - a wand of iceblast (9)
 I - a wand of paralysis (11)
Scrolls
 e - 4 scrolls of teleportation
 g - 4 scrolls of remove curse
 k - 2 scrolls of fear {unknown}
 l - 2 scrolls of magic mapping {unknown}
 m - 4 scrolls of amnesia {unknown}
 q - 2 scrolls of random uselessness {unknown}
 v - a scroll of immolation {unknown}
 x - a scroll of fog {unknown}
 y - a scroll of blinking {unknown}
 B - 2 scrolls of enchant armour {unknown}
 D - a scroll of enchant weapon {unknown}
 H - a scroll of summoning {unknown}
 J - 3 scrolls of holy word {unknown}
Potions
 h - 4 potions of brilliance
 n - 2 potions of agility
 t - 9 potions of curing
 u - 2 potions of resistance
 A - 3 potions of haste
Comestibles
 c - 13 rations


   Skills:
 + Level 5.9 Fighting
 * Level 6.5 Short Blades
 * Level 5.8 Armour
 * Level 6.6 Dodging
 + Level 5.8 Stealth


You had 8 spell levels left.
You didn't know any spells.
Your spell library contained the following spells:

 Spells                   Type           Power        Failure   Level  Hunger
 Animate Skeleton         Necr           N/A          47%         1    ##.....
 Magic Dart               Conj           #...         47%         1    ##.....
 Pain                     Necr           #...         47%         1    ##.....
 Shock                    Conj/Air       #...         47%         1    ##.....
 Blink                    Tloc           N/A          63%         2    ###....
 Call Imp                 Summ           #.......     63%         2    ###....
 Slow                     Hex            #.......     63%         2    ###....
 Swiftness                Chrm/Air       #.......     63%         2    ###....
 Conjure Flame            Conj/Fire      #.......     85%         3    ####...
 Mephitic Cloud           Conj/Pois/Air  #.......     85%         3    ####...
 Regeneration             Chrm/Necr      #.........   85%         3    ####...
 Static Discharge         Conj/Air       #.......     85%         3    ####...
 Vampiric Draining        Necr           #.........   85%         3    ####...
 Airstrike                Air            #.........   99%         4    #####..
 Animate Dead             Necr           N/A          99%         4    #####..
 Lightning Bolt           Conj/Air       #.........   100%        5    ######.


Dungeon Overview and Level Annotations

Branches:
Dungeon (8/15)             Temple (1/1) D:5
   Lair: D:8-11

Altars:
Ashenzari
Cheibriados
Dithmenos
Elyvilon
Fedhas
Gozag
Hepliaklqana
Kikubaaqudgha
Makhleb
Nemelex Xobeh
Okawaru
Qazlal
Trog
Uskayaw
Vehumet
Wu Jian
Xom
The Shining One


Innate Abilities, Weirdness & Mutations

Your body is rotting away.
You thrive on raw meat.
You are immune to poison.
You have sharp fingernails.
You are carnivorous and can eat meat at any time.
Your flesh is cold resistant. (rC+)
You are immune to negative energy. (rN+++)
You do not regenerate when monsters are visible.
You are immune to unholy pain and torment.
You can survive without breathing.


Message History

You are splashed with acid!
* * * LOW HITPOINT WARNING * * *
You fade into invisibility!
The jelly completely misses you.
You are very lightly contaminated with residual magic.
You feel very mighty all of a sudden. The jelly closely misses you.
You hit the jelly.
The jelly is poisoned.
Your hands burn!
* * * LOW HITPOINT WARNING * * *
The jelly is heavily wounded.
The jelly hits you.
* * * LOW HITPOINT WARNING * * *
You are splashed with acid!
* * * LOW HITPOINT WARNING * * *
Unknown command.
Unknown command.
Okay, then.
As you read the scroll of teleportation, it crumbles to dust.
You feel strangely unstable. The jelly hits you.
You die...

* ########.#
#......#.########
*,*
#.####...........
#.# ########.###
* * #.# * * , #.#
, * #.# * * #(# *
#@# *, * * * *#J#
, * , *#o# * * ,


.oo #.#** * * * ,... , #.# * * , ,#.#* ,** , You could see a jelly, an orc
priest, an orc wizard and an orc.

Vanquished Creatures
  Grinder (D:6)
  A hippogriff (D:7)
  2 water moccasins
  Edmund (D:5)
  Duvessa (D:5)
  2 orc warriors
  A sky beast (D:8)
  2 ogres (D:6)
  Blork the orc (D:5)
  2 bullfrogs (D:6)
  Dowan (D:5)
  6 killer bees (D:8)
  A howler monkey (D:4)
  3 crimson imps
  A bullfrog zombie (D:6)
  4 hounds
  A centaur skeleton (D:4)
  A centaur zombie (D:6)
  3 orc priests
  2 jellies
  Crazy Yiuf (D:5)
  3 iguanas
  4 orc wizards
  5 worker ants
  A hound skeleton (D:6)
  4 gnolls (D:2)
  8 adders
  2 oozes
  An adder zombie (D:8)
  An adder skeleton (D:4)
  2 worms (D:3)
  3 leopard geckos
  21 orcs
  A ball python (D:1)
  7 bats
  5 giant cockroaches
  11 goblins
  A hobgoblin (D:1)
  9 jackals
  A quokka (D:2)
  A ball python skeleton (D:4)
  3 frilled lizards
  11 kobolds
  2 leopard gecko skeletons (D:6)
  A quokka zombie (D:6)
  12 rats
158 creatures vanquished.

Notes
Turn   | Place    | Note
-------+----------+-------------------------------------------
     0 | D:1      | Borgoz the Ghoul Monk began the quest for the Orb.
     0 | D:1      | Reached XP level 1. HP: 19/19 MP: 0/0
   315 | D:1      | Reached XP level 2. HP: 22/26 MP: 1/1
   370 | D:1      | Reached skill level 1 in Armour
  1002 | D:2      | Reached XP level 3. HP: 31/31 MP: 2/2
  1234 | D:2      | Reached XP level 4. HP: 27/38 MP: 3/3
  1559 | D:3      | Found a glowing golden altar of the Shining One.
  1572 | D:3      | Found a blossoming altar of Fedhas.
  1586 | D:3      | Reached XP level 5. HP: 43/46 MP: 4/4
  1812 | D:3      | Found a shadowy altar of Dithmenos.
  2317 | D:4      | Reached XP level 6. HP: 43/51 MP: 3/5
  2875 | D:5      | Entered Level 5 of the Dungeon
  3137 | D:5      | Noticed Edmund
  3173 | D:5      | Killed Edmund
  3173 | D:5      | Reached XP level 7. HP: 22/59 MP: 1/6
  3345 | D:5      | Found a staircase to the Ecumenical Temple.
  3348 | D:5      | Noticed Duvessa
  3348 | D:5      | Noticed Dowan
  3368 | D:5      | Killed Duvessa
  3378 | D:5      | Killed Dowan
  3384 | Temple   | Entered the Ecumenical Temple
  3401 | Temple   | Became a worshipper of Ashenzari the Shackled
  3401 | Temple   | Reached * piety under Ashenzari
  3401 | Temple   | Reached ** piety under Ashenzari
  3696 | D:5      | Noticed Blork the orc
  3707 | D:5      | Killed Blork the orc
  3900 | D:5      | Found a runed translucent door.
  3901 | D:5      | Noticed Crazy Yiuf
  4100 | D:5      | Killed Crazy Yiuf
  4135 | D:6      | Reached XP level 8. HP: 16/67 MP: 1/7
  4377 | D:6      | Noticed Grinder
  4395 | D:6      | Killed Grinder
  4395 | D:6      | Reached skill level 5 in Short Blades
  4395 | D:6      | Reached skill level 5 in Dodging
  4469 | D:6      | Reached skill level 5 in Fighting
  4513 | D:6      | Found a stormy altar of Qazlal.
  4889 | D:6      | Reached skill level 5 in Stealth
  4889 | D:6      | Reached XP level 9. HP: 33/74 MP: 2/8
  5037 | D:7      | Reached skill level 5 in Armour
  5176 | D:7      | Found a white marble altar of Elyvilon.
  5869 | D:8      | Found a burning altar of Makhleb.
  5899 | D:8      | HP: 3/75 [water moccasin (5)]
  6431 | D:8      | HP: 1/75 [acid (6)]
  6432 | D:8      | Slain by a jelly

Skill      XL: |  1  2  3  4  5  6  7  8  9 |
---------------+----------------------------+-----
Armour         | 1 2 3 4 5 |  5.8
Dodging        | 3 4 5 6 |  6.6
Short Blades   | 3 4 5 6 |  6.5
Stealth        | 3 4 5 |  5.8
Fighting       | 4 5 |  5.9

Action                   |  1- 3 |  4- 6 |  7- 9 || total
-------------------------+-------+-------+-------++-------
Melee: Short sword       |    83 |   184 |   309 ||   576
  Use: Scroll            |     1 |       |    14 ||    15
       Potion            |       |       |     6 ||     6
 Stab: Sleeping          |     2 |     3 |    14 ||    19
       Distracted        |       |       |     1 ||     1
  Eat: Chunk             |     1 |    19 |    19 ||    39
Armor: Robe              |    10 |       |       ||    10
       Ring mail         |    16 |    25 |    68 ||   109
       Leather armour    |       |       |    17 ||    17
Dodge: Dodged            |    67 |    82 |   193 ||   342
